 Dungeon Sprint DCSS version 0.17.1-3-g152610e (webtiles) character file.

451 Groucho the Skirmisher (level 7, 0/70 HPs)
             Began as a Naga Fighter on Apr 22, 2016.
             Was a Follower of Cheibriados.
             Slain by a hill giant
             ... wielding a +0 giant club
              (29 damage)
             ... in the Dungeon (Sprint IX: "|||||||||||||||||||||||||||||").
             The game lasted 00:02:06 (410 turns).

Groucho the Skirmisher (Naga Fighter)                Turns: 410, Time: 00:02:06

Health: 0/70       AC:  8    Str: 23    XL:     7   Next: 4%
Magic:  8/12       EV: 10    Int: 11    God:    Cheibriados [*.....]
Gold:   0          SH: 10    Dex: 14    Spells: 0 memorised, 13 levels left

rFire  . . .     SeeInvis +     n - +3 war axe (chop)
rCold  . . .     Clarity  .     o - +2 ring mail
rNeg   . . .     SustAt   .     c - +0 shield
rPois  +         Gourm    .     (no helmet)
rElec  .         Spirit   .     (no cloak)
rCorr  .         Warding  .     (no gloves)
rMut   .         NoTele   +     (no barding)
MR     .....                    (no amulet)
Stlth  +.........               (no ring)
                                (no ring)

@: very slow, not resistant to hostile enchantments, very unstealthy
A: see invisible, deformed body, poison resistance, slowness 2, slow metabolism
1, spit poison 2, AC +2
a: Spit Poison, Bend Time, Renounce Religion


You were in the Dungeon.
You worshipped Cheibriados.
Cheibriados was aware of your devotion.
You were not hungry.

You visited 1 branch

Inventory:

Hand Weapons
 n - a +3 war axe of chopping (weapon)
Armour
 c - a +0 shield (worn)
 o - a +2 ring mail (worn)
Jewellery
 a - a +3 ring of dexterity
 b - a +3 ring of strength
Wands
 m - a wand of fire (7)
Scrolls
 j - 3 scrolls of remove curse
 k - 2 scrolls of blinking
 l - 2 scrolls of amnesia
Potions
 d - a potion of might
 f - a potion of invisibility
 g - 2 potions of heal wounds
 h - 4 potions of curing
 i - 4 potions of magic
Comestibles
 e - a bread ration


   Skills:
 * Level 6.4 Fighting
 * Level 6.1 Axes
 * Level 5.4 Armour
 * Level 4.6 Dodging
 * Level 5.5 Shields
 + Level 3.5 Spellcasting
 * Level 5.1 Invocations


You had 13 spell levels left.
You didn't know any spells.

Dungeon Overview and Level Annotations

Branches:
Dungeon (1/1)

Altars:
Cheibriados
Dithmenos
Elyvilon
Fedhas
Gozag
Kikubaaqudgha
Makhleb
Nemelex Xobeh
Okawaru
Qazlal
Ru
Sif Muna
Trog
Vehumet
Xom
Yredelemnul
Zin
The Shining One
Beogh
Jiyva
Lugonu


Innate Abilities, Weirdness & Mutations

You cannot wear boots.
Your serpentine skin is tough (AC +2).
You have supernaturally acute eyesight.
Armour fits poorly on your strangely shaped body.
Your system is resistant to poisons.
You cover ground very slowly.
You have a slow metabolism.
You can spit poison.


Message History

Your Armour skill increases to level 5!
Your Dodging skill increases to level 4!
Your Shields skill increases to level 5!
Your Spellcasting skill increases to level 3!
Your Invocations skill gained 2 levels and is now at level 5!
You have reached level 6!
Your experience leads to an increase in your attributes!
Your base attributes are Str 19, Int 8, Dex 11.
Increase (S)trength, (I)ntelligence, or (D)exterity?
You feel stronger.
Your skin feels tougher.
You have reached level 7!
You hit the hill giant but do no damage.
The hill giant hits you with a giant club.
You slash the hill giant!
The hill giant is lightly wounded.
The hill giant hits you with a giant club!
You hit the hill giant.
The hill giant is moderately wounded.
The hill giant hits you with a giant club!!
You die...

▓.▓
▓.▓
▓.▓
▓.▓
▓o▓
▓S▓
▓C▓
▓@▓
▓.▓
▓[▓
▓[▓
▓[▓
▓)▓
▓|▓
▓.▓
▓.▓


You could see a hill giant, an orc warrior and an adder.

Vanquished Creatures
  A gargoyle (D)
  An ice beast (D)
  2 hounds (D)
  An adder (D)
  An adder skeleton (D)
  A giant gecko (D)
  2 giant cockroaches (D)
  A hobgoblin (D)
  A bat (D)
  2 rats (D)
13 creatures vanquished.

Notes
Turn   | Place    | Note
--------------------------------------------------------------
     0 | D        | Groucho the Naga Fighter began the quest for the Orb.
     0 | D        | Reached XP level 1. HP: 21/21 MP: 1/1
    32 | D        | Noticed a hound
    32 | D        | Noticed a hound
    33 | D        | Reached skill level 1 in Dodging
    33 | D        | Reached XP level 2. HP: 26/28 MP: 2/2
    45 | D        | Killed a hound
    45 | D        | Reached skill level 1 in Spellcasting
    45 | D        | Reached XP level 3. HP: 25/36 MP: 2/5
    51 | D        | Killed a hound
    51 | D        | Reached skill level 4 in Fighting
    51 | D        | Reached XP level 4. HP: 29/44 MP: 2/6
   320 | D        | Found a glowing silver altar of Zin.
   320 | D        | Found a glowing golden altar of the Shining One.
   320 | D        | Found an ancient bone altar of Kikubaaqudgha.
   320 | D        | Found a basalt altar of Yredelemnul.
   320 | D        | Found a shimmering altar of Xom.
   320 | D        | Found a radiant altar of Vehumet.
   321 | D        | Found an iron altar of Okawaru.
   322 | D        | Found a burning altar of Makhleb.
   323 | D        | Found a deep blue altar of Sif Muna.
   324 | D        | Found a bloodstained altar of Trog.
   325 | D        | Found a sparkling altar of Nemelex Xobeh.
   326 | D        | Found a white marble altar of Elyvilon.
   327 | D        | Found a roughly hewn altar of Beogh.
   328 | D        | Found a viscous altar of Jiyva.
   329 | D        | Found a corrupted altar of Lugonu.
   330 | D        | Found a blossoming altar of Fedhas.
   331 | D        | Found a snail-covered altar of Cheibriados.
   332 | D        | Found a shadowy altar of Dithmenos.
   333 | D        | Found a stormy altar of Qazlal.
   334 | D        | Found an opulent altar of Gozag.
   335 | D        | Found a sacrificial altar of Ru.
   339 | D        | Became a worshipper of Cheibriados the Contemplative
   391 | D        | Noticed an orc warrior
   391 | D        | Noticed a hill giant
   391 | D        | Noticed a gargoyle
   391 | D        | Noticed an ice beast
   393 | D        | Killed an ice beast
   393 | D        | Reached skill level 5 in Fighting
   393 | D        | Reached XP level 5. HP: 49/52 MP: 6/8
   407 | D        | Killed a gargoyle
   407 | D        | Reached * piety under Cheibriados
   407 | D        | Reached skill level 6 in Fighting
   407 | D        | Reached skill level 5 in Armour
   407 | D        | Reached skill level 5 in Shields
   407 | D        | Reached skill level 5 in Invocations
   407 | D        | Reached XP level 6. HP: 38/63 MP: 8/11
   407 | D        | Reached XP level 7. HP: 42/70 MP: 8/12
   410 | D        | Slain by a hill giant

Action                   |  1- 3 |  4- 6 |  7- 9 || total
-------------------------+-------+-------+-------++-------
Melee: War axe           |    33 |    15 |     3 ||    51
  Use: Potion            |     3 |     1 |       ||     4
